 Dungeon Crawl Stone Soup version 0.19.1 (webtiles) character file.

74 Peloso the Shield-Bearer (level 4, 30/42 HPs)
             Began as a Deep Dwarf Fighter on Dec 15, 2016.
             Quit the game on level 2 of the Dungeon.
             The game lasted 00:03:54 (948 turns).

Peloso the Shield-Bearer (Deep Dwarf Fighter)        Turns: 948, Time: 00:03:55

Health: 30/42      AC:  9    Str: 19    XL:     4   Next: 9%
Magic:  4/4        EV:  5    Int:  9    God:
Gold:   134        SH: 10    Dex: 13    Spells: 0 memorised, 3 levels left

rFire  + . .     SeeInvis .     a - +1 long sword
rCold  . . .     Gourm    .     n - +0 chain mail
rNeg   . . .     Faith    .     c - +1 shield
rPois  .         Spirit   .     (no helmet)
rElec  .         Reflect  .     (no cloak)
rCorr  .         Harm     .     (no gloves)
MR     .....                    (no boots)
Stlth  ..........               (no amulet)
                                (no ring)
                                m - ring of protection from fire

@: non-regenerating
A: damage resistance, recharge devices, sense surroundings 1, slow regeneration
3
a: Device Recharging


You were on level 2 of the Dungeon.
You were not hungry.

You visited 1 branch of the dungeon, and saw 2 of its levels.

You collected 134 gold pieces.

Inventory:

Hand Weapons
 a - a +1 long sword (weapon)
Armour
 b - a +0 scale mail
 c - a +1 shield (worn)
 n - a +0 chain mail (worn)
Jewellery
 m - a ring of protection from fire (left hand)
Wands
 e - a wand of heal wounds (5/9)
 t - a wand of iceblast (4/15)
Scrolls
 j - a scroll of noise {unknown}
Potions
 d - a potion of might
 g - a potion of ambrosia {unknown}
 h - a potion of curing {unknown}
 i - a potion of degeneration {unknown}
 o - a potion of resistance {unknown}
 r - a potion of cancellation {unknown}
 s - 2 potions of agility {unknown}
Comestibles
 f - 3 bread rations
 k - a chunk of flesh
 l - a royal jelly
 p - a meat ration
 u - a beef jerky


   Skills:
 + Level 3.0 Fighting
 + Level 2.9 Long Blades
 + Level 3.6 Armour
 + Level 4.3 Shields


You had 3 spell levels left.
You didn't know any spells.

Dungeon Overview and Level Annotations

Branches:
Dungeon (2/15)

Altars:


Innate Abilities, Weirdness & Mutations

You are resistant to damage.
You can recharge devices by infusing magical energy.
You passively map a small area around you.
You do not regenerate.


Message History

You hit the hobgoblin.
The hobgoblin is severely wounded.
The hobgoblin hits you but does no damage.
You slash the hobgoblin!
You kill the hobgoblin!
There is a large open door here.
You see here a club.
There is a large open door, spattered with blood here.
You see here a whip.
There is a large open door here.
You see here a club.
Found a stone staircase leading down.
A goblin comes into view. It is wielding a dagger.
The goblin shouts!
A goblin is nearby!
You slash the goblin!
You kill the goblin!
Found a dagger.
You see here a dagger.
Are you sure you want to abandon this character and quit the game? (Confirm with "yes".)

##.#....##...
#..#.#.###...
##.##.#.##....
#.............
###....##.....
##...##....##
##..####....##
#####)..####....##
#@.....>#.[....#..
#.........#.........
#................>..
#...................
#...................
#.........).........
#....)............##
###...............#
,,.........#


There were no monsters in sight!

Vanquished Creatures
  Ijyb (D:2)
  An adder (D:2)
  A worm (D:2)
  A dart slug (D:1)
  2 leopard geckos
  3 giant cockroaches
  4 goblins
  5 hobgoblins (D:2)
  2 kobolds
  A ball python (D:1)
  6 bats
  6 rats
33 creatures vanquished.

Notes
Turn   | Place    | Note
-------+----------+-------------------------------------------
     0 | D:1      | Peloso the Deep Dwarf Fighter began the quest for the Orb.
     0 | D:1      | Reached XP level 1. HP: 20/20 MP: 1/1
   236 | D:1      | Reached XP level 2. HP: 27/27 MP: 2/2
   676 | D:2      | Reached skill level 4 in Shields
   676 | D:2      | Reached XP level 3. HP: 29/33 MP: 3/3
   823 | D:2      | Noticed Ijyb
   846 | D:2      | Killed Ijyb
   849 | D:2      | Reached XP level 4. HP: 30/42 MP: 4/4
   948 | D:2      | Quit the game

Skill      XL: |  1  2  3 |
---------------+----------+-----
Shields        | 4 |  4.3
Fighting       | 3 |  3.0
Long Blades    | |  2.9
Armour         | |  3.6

Action                   |  1- 3 |  4- 6 || total
-------------------------+-------+-------++-------
Melee: Long sword        |    88 |     5 ||    93
  Use: Scroll            |     6 |       ||     6
Armor: Scale mail        |    12 |       ||    12
       Chain mail        |    36 |       ||    36
Dodge: Dodged            |    23 |     2 ||    25
Block: Shield            |    53 |     3 ||    56
       Rpst.: Long sword |     5 |     1 ||     6
